 Dungeon Sprint DCSS version 0.19-a0-1908-g43c011f (webtiles) character file.

11919 esc the Unseen (level 11, 0/62 HPs)
             Began as a Spriggan Enchanter on Oct 22, 2016.
             Was the Champion of Dithmenos.
             Engulfed by a cloud of steam (4 damage)
             ... in the Dungeon (Sprint I: "Red Sonja").
             The game lasted 00:20:41 (2348 turns).

esc the Unseen (Spriggan Enchanter)                 Turns: 2348, Time: 00:20:42

Health: 0/62       AC:  5    Str:  8    XL:     11   Next: 55%
Magic:  28/28      EV: 32    Int: 20    God:    Dithmenos [******]
Gold:   448        SH: 15    Dex: 19    Spells: 5 memorised, 23 levels left

rFire  . . .     SeeInvis +     n - +2 short sword (distort) {!w}
rCold  + . .     Gourm    .     b - +1 robe
rNeg   + . .     Faith    .     t - +6 buckler "Hennaxto" {rN+ MR+ Dex+2 Slay+2}
rPois  .         Spirit   .     (helmet restricted)
rElec  .         Reflect  .     q - +1 cloak of Autumn {Str+4}
rCorr  .         Harm     .     (gloves unavailable)
MR     ++...     NoTele   +     (boots unavailable)
Stlth  ++++++++++               (no amulet)
                                (no ring)
                                u - ring of protection from cold {rC+, !d}

@: wreathed by umbra, very quick
A: unfitting armour, see invisible, herbivore 3, speed 3, slow metabolism 2, no
device heal 1
a: Shadow Step, Shadow Form, Renounce Religion


You were in the Dungeon.
You worshipped Dithmenos.
Dithmenos was exalted by your worship.
You were not hungry.

You visited 1 branch You collected 1440 gold pieces.
You spent 992 gold pieces at shops.

Inventory:

Hand Weapons
 m - a +0 blowgun
   (You took it off Sonja in the Dungeon)
 n - a +2 short sword of distortion (weapon) {!w}
   (You took it off Sonja in the Dungeon)
 s - a +1 short sword of draining
   (You found it in the Dungeon)
Missiles
 l - 5 curare-tipped needles
 p - 32 stones (quivered)
Armour
 b - a +1 robe (worn)
 q - the +1 cloak of Autumn (worn) {Str+4}
   (You found it in the Dungeon)

   It affects your strength (+4).
 t - the +6 buckler "Hennaxto" (worn) {rN+ MR+ Dex+2 Slay+2}
   (You bought it in a shop in the Dungeon)

   It affects your dexterity (+2).
   It affects your accuracy and damage with ranged weapons and melee attacks
   (+2).
   It protects you from negative energy.
   It affects your resistance to hostile enchantments.
Jewellery
 u - a ring of protection from cold (left hand) {rC+, !d}
   (You bought it in a shop in the Dungeon)
Wands
 a - a wand of teleportation (5/9)
   (You found it in the Dungeon)
 k - a wand of lightning (6/15)
   (You found it in the Dungeon)
Scrolls
 o - a scroll of recharging {unknown}
Potions
 e - a potion of curing
 f - a potion of agility
 g - a potion of haste
 h - 2 potions of magic
 i - a potion of berserk rage {!q}
Books
 c - a book of Maledictions
Comestibles
 d - 3 bread rations {@e1}
 r - a royal jelly


   Skills:
 + Level 9.2 Fighting
 - Level 9.9 Short Blades
 + Level 14.9 Dodging
 + Level 16.2 Stealth
 - Level 9.0 Shields
 + Level 12.7 Spellcasting
 + Level 6.9 Conjurations
 + Level 13.0 Hexes
 - Level 1.8 Ice Magic


You had 23 spell levels left.
You knew the following spells:

 Your Spells              Type           Power        Failure   Level  Hunger
a - Ensorcelled Hibernat  Hex/Ice        #####.       1%          2    None
b - Tukima's Dance        Hex            ######..     1%          3    None
c - Confuse               Hex            ######..     1%          3    None
d - Dazzling Spray        Conj/Hex       ######       1%          3    None
v - Corona                Hex            ######.      1%          1    None


Dungeon Overview and Level Annotations

Branches:
Dungeon (1/1)

Altars:
Cheibriados
Dithmenos
Elyvilon
Fedhas
Gozag
Hepliaklqana
Kikubaaqudgha
Makhleb
Nemelex Xobeh
Okawaru
Qazlal
Ru
Sif Muna
Trog
Uskayaw
Vehumet
Xom
Yredelemnul
Zin
The Shining One
Jiyva
Lugonu

Shops:
D *([*[*=*[**}*![*::*[[


Innate Abilities, Weirdness & Mutations

You are very small and have problems with some larger weapons.
You are too small for most types of armour.
You have supernaturally acute eyesight. (SInv)
You are a herbivore.
You cover ground extremely quickly.
You need consume almost no food.
Potions and wands are less effective at restoring your health.


Message History

Really walk into a travel-excluded area?
There is an open door here.
You avoid triggering an arrow trap.
You are engulfed in a cloud of scalding steam.
There is an arrow trap here.
You take 6 damage, and have 56/62 hp.
You are engulfed in a cloud of scalding steam.
There is an open door here.
You take 4 damage, and have 52/62 hp.
You are engulfed in a cloud of scalding steam.
You see here 27 gold pieces.
You take 3 damage, and have 49/62 hp.
You now have 340 gold pieces (gained 27).
You are engulfed in a cloud of scalding steam.
You take 7 damage, and have 42/62 hp.
Search for what [Enter for "rf", or ? for help]?
You are engulfed in a cloud of scalding steam.
You see here 27 gold pieces.
You take 3 damage, and have 39/62 hp.
You now have 367 gold pieces (gained 27).
You are engulfed in a cloud of scalding steam.
You take 3 damage, and have 36/62 hp.
You are engulfed in a cloud of scalding steam.
You take 2 damage, and have 34/62 hp.
You are engulfed in a cloud of scalding steam.
You take 5 damage, and have 29/62 hp.
There is an open door here.
You are engulfed in a cloud of scalding steam.
You see here a hog skeleton.
You take 8 damage, and have 21/62 hp.
You are engulfed in a cloud of scalding steam.
* * * LOW HITPOINT WARNING * * *
You take 4 damage, and have 17/62 hp.
There is an open door here.
There is an open door here.
As you close the door, it creaks loudly!
You start resting.
Health restored: 62 You open the door.
There is an open door here.
Really walk into a travel-excluded area?
There is an open door here.
You avoid triggering an arrow trap.
You are engulfed in a cloud of scalding steam.
There is an arrow trap here.
You take 2 damage, and have 60/62 hp.
You avoid triggering an arrow trap.
You are engulfed in a cloud of scalding steam.
There is an arrow trap here.
You take 1 damage, and have 59/62 hp.
You are engulfed in a cloud of scalding steam.
There is an open door here.
You are engulfed in a cloud of scalding steam.
You take 5 damage, and have 54/62 hp.
You are engulfed in a cloud of scalding steam.
You see here 27 gold pieces.
You take 3 damage, and have 51/62 hp.
You now have enough gold to buy an uncursed amulet of regeneration on this level.
You now have 394 gold pieces (gained 27).
You are engulfed in a cloud of scalding steam.
You emit a cloud of dark smoke.
You take 10 damage, and have 41/62 hp.
You are engulfed in a cloud of scalding steam.
You see here 27 gold pieces.
You take 5 damage, and have 36/62 hp.
You now have 421 gold pieces (gained 27).
You are engulfed in a cloud of scalding steam.
You take 2 damage, and have 34/62 hp.
Search for what [Enter for "rf", or ? for help]?
You are engulfed in a cloud of scalding steam.
You take 6 damage, and have 28/62 hp.
You are engulfed in a cloud of scalding steam.
You now have 448 gold pieces (gained 27).
You are engulfed in a cloud of scalding steam.
You take 7 damage, and have 21/62 hp.
There are no items here.
You are engulfed in a cloud of scalding steam.
You take 2 damage, and have 19/62 hp.
You are engulfed in a cloud of scalding steam.
* * * LOW HITPOINT WARNING * * *
You take 7 damage, and have 12/62 hp.
You are engulfed in a cloud of scalding steam.
* * * LOW HITPOINT WARNING * * *
You take 9 damage, and have 3/62 hp.
Your system partially rejects the healing.
You feel better.
You are engulfed in a cloud of scalding steam.
* * * LOW HITPOINT WARNING * * *
You regained 3 hp, and now have 6/62 hp.
Your system partially rejects the healing.
You feel better.
You are engulfed in a cloud of scalding steam.
You regained 4 hp, and now have 10/62 hp.
Your system partially rejects the healing.
You feel better.
You are engulfed in a cloud of scalding steam.
* * * LOW HITPOINT WARNING * * *
You take 6 damage, and have 4/62 hp.
You are engulfed in a cloud of scalding steam.
You die...

######################
§§.§§§..§.'..#^§@§§§§#
####§.§§§##..'.§#§§$$##
# ##§§§#######(#§§§§§#
# ###+# ..#§§$§$# #
#.s##$§§$# #..≈###+##
#..≈ #..≈e #..≈#


You could see a demonic crawler (wandering).

Vanquished Creatures
  A centaur warrior (D)
  Sonja (D)
  An unseen horror (D)
  A deep troll (D)
  A lindwurm (D)
  An oklob plant (D)
  8 shining eyes (D)
  A demonic crawler (D)
  2 kobold demonologists (D)
  A hornet (D)
  A slime creature (D)
  Sigmund (D)
  2 redbacks (D)
  A yak (D)
  11 hogs (D)
  6 floating eyes (D)
  An ogre (D)
  7 necrophages (D)
  8 jellies (D)
  Ijyb (D)
  2 ballistomycetes (D)
  A ballistomycete spore (D)
60 creatures vanquished.

Vanquished Creatures (others)
  A centaur warrior (D)
  A hydra (D)
  An unseen horror (D)
  A siren (D)
  2 demonic crawlers (D)
  3 hornets (D)
  2 hogs (D)
  A floating eye (D)
  A ballistomycete spore (D)
13 creatures vanquished.

Grand Total: 73 creatures vanquished

Notes
Turn   | Place    | Note
-------+----------+-------------------------------------------
     0 | D        | esc the Spriggan Enchanter began the quest for the Orb.
     0 | D        | Reached XP level 1. HP: 9/9 MP: 5/5
     1 | D        | Noticed Ijyb
    50 | D        | Killed Ijyb
    50 | D        | Reached skill level 1 in Fighting
    50 | D        | Reached skill level 2 in Short Blades
    50 | D        | Reached skill level 4 in Dodging
    50 | D        | Reached skill level 5 in Stealth
    50 | D        | Reached skill level 3 in Spellcasting
    50 | D        | Reached skill level 4 in Hexes
    50 | D        | Reached XP level 2. HP: 9/14 MP: 5/7
    56 | D        | Learned a level 2 spell: Ensorcelled Hibernation
   152 | D        | Noticed an ogre
   164 | D        | Killed an ogre
   164 | D        | Reached skill level 2 in Fighting
   164 | D        | Reached skill level 4 in Short Blades
   164 | D        | Reached skill level 5 in Dodging
   164 | D        | Reached skill level 7 in Stealth
   164 | D        | Reached skill level 5 in Spellcasting
   164 | D        | Reached skill level 5 in Hexes
   164 | D        | Reached skill level 1 in Ice Magic
   164 | D        | Reached XP level 3. HP: 19/19 MP: 4/10
   164 | D        | Reached XP level 4. HP: 23/23 MP: 4/12
   225 | D        | Noticed Sigmund
   230 | D        | Killed Sigmund
   230 | D        | Reached skill level 4 in Fighting
   230 | D        | Reached skill level 5 in Short Blades
   230 | D        | Reached skill level 7 in Dodging
   230 | D        | Reached skill level 8 in Stealth
   230 | D        | Reached skill level 6 in Spellcasting
   230 | D        | Reached skill level 7 in Hexes
   230 | D        | Reached XP level 5. HP: 29/29 MP: 9/15
   230 | D        | Reached XP level 6. HP: 33/33 MP: 9/16
   286 | D        | Found a deep blue altar of Sif Muna.
   288 | D        | Found a radiant altar of Vehumet.
   313 | D        | Found Powunag's General Store.
   313 | D        | Found an ancient bone altar of Kikubaaqudgha.
   313 | D        | Found a hazy altar of Hepliaklqana.
   313 | D        | Found a hide-covered altar of Uskayaw.
   313 | D        | Found a basalt altar of Yredelemnul.
   313 | D        | Found an opulent altar of Gozag.
   313 | D        | Found a snail-covered altar of Cheibriados.
   313 | D        | Found a sacrificial altar of Ru.
   313 | D        | Found a shadowy altar of Dithmenos.
   313 | D        | Noticed a yak
   314 | D        | Found a stormy altar of Qazlal.
   314 | D        | Found a blossoming altar of Fedhas.
   314 | D        | Found a bloodstained altar of Trog.
   314 | D        | Found an iron altar of Okawaru.
   314 | D        | Found a glowing golden altar of the Shining One.
   314 | D        | Found a glowing silver altar of Zin.
   314 | D        | Found a white marble altar of Elyvilon.
   315 | D        | Killed a yak
   315 | D        | Reached skill level 6 in Short Blades
   315 | D        | Reached skill level 8 in Dodging
   315 | D        | Reached skill level 9 in Stealth
   315 | D        | Reached skill level 7 in Spellcasting
   316 | D        | Found a sparkling altar of Nemelex Xobeh.
   321 | D        | Bought a scroll of identify for 28 gold pieces
   323 | D        | Became a worshipper of Dithmenos the Shadowed
   341 | D        | Learned a level 3 spell: Confuse
   345 | D        | Learned a level 3 spell: Tukima's Dance
   349 | D        | Learned a level 3 spell: Dazzling Spray
   349 | D        | Noticed Sonja
   355 | D        | Killed Sonja
   355 | D        | Reached skill level 5 in Fighting
   355 | D        | Reached skill level 7 in Short Blades
   355 | D        | Reached skill level 10 in Dodging
   355 | D        | Reached skill level 11 in Stealth
   355 | D        | Reached skill level 8 in Spellcasting
   355 | D        | Reached skill level 2 in Conjurations
   355 | D        | Reached skill level 9 in Hexes
   355 | D        | Reached XP level 7. HP: 31/39 MP: 15/20
   355 | D        | Reached XP level 8. HP: 35/44 MP: 15/21
   464 | D        | Noticed a deep troll
   468 | D        | Killed a deep troll
   468 | D        | Reached skill level 6 in Fighting
   468 | D        | Reached skill level 8 in Short Blades
   468 | D        | Reached skill level 11 in Dodging
   468 | D        | Reached skill level 12 in Stealth
   468 | D        | Reached skill level 9 in Spellcasting
   468 | D        | Reached skill level 3 in Conjurations
   478 | D        | Found Zufruon's Armour Emporium.
   505 | D        | Noticed a centaur warrior
   505 | D        | Noticed a centaur warrior
   508 | D        | Banished a centaur warrior
   508 | D        | Reached skill level 10 in Spellcasting
   508 | D        | Reached skill level 4 in Conjurations
   508 | D        | Reached skill level 10 in Hexes
   508 | D        | Reached XP level 9. HP: 49/49 MP: 22/24
   509 | D        | Killed a centaur warrior
   509 | D        | Reached * piety under Dithmenos
   509 | D        | Reached skill level 7 in Fighting
   509 | D        | Reached skill level 9 in Short Blades
   509 | D        | Reached skill level 12 in Dodging
   509 | D        | Reached skill level 13 in Stealth
   525 | D        | Found a burning altar of Makhleb.
   525 | D        | Found a viscous altar of Jiyva.
   525 | D        | Found a shimmering altar of Xom.
   525 | D        | Found a corrupted altar of Lugonu.
   528 | D        | Reached skill level 11 in Hexes
   540 | D        | Noticed a kobold demonologist
   541 | D        | Noticed a kobold demonologist
   549 | D        | Killed a kobold demonologist
   549 | D        | Reached ** piety under Dithmenos
   552 | D        | Killed a kobold demonologist
   552 | D        | Reached skill level 11 in Spellcasting
   552 | D        | Reached skill level 5 in Conjurations
   623 | D        | Noticed a demonic crawler
   623 | D        | Noticed a demonic crawler
   623 | D        | Noticed a demonic crawler
   623 | D        | Noticed a demonic crawler
   627 | D        | Banished a demonic crawler
   627 | D        | Reached skill level 14 in Stealth
   634 | D        | Killed a demonic crawler
   634 | D        | Reached skill level 13 in Dodging
   634 | D        | Reached XP level 10. HP: 34/56 MP: 11/26
   642 | D        | HP: 14/56 [demonic crawler (5)]
   642 | D        | HP: 3/56 [demonic crawler (11)]
   971 | D        | Noticed an oklob plant
   973 | D        | Killed an oklob plant
   973 | D        | Reached *** piety under Dithmenos
   973 | D        | Reached skill level 8 in Fighting
  1033 | D        | Reached skill level 12 in Hexes
  1038 | D        | Reached **** piety under Dithmenos
  1041 | D        | Noticed an unseen horror
  1042 | D        | Noticed an unseen horror
  1044 | D        | Killed an unseen horror
  1044 | D        | Reached skill level 15 in Stealth
  1044 | D        | Reached skill level 6 in Conjurations
  1143 | D        | Reached ***** piety under Dithmenos
  1172 | D        | Reached skill level 14 in Dodging
  1191 | D        | Reached skill level 12 in Spellcasting
  1205 | D        | Got a dazzling cloak
  1211 | D        | Identified the +1 cloak of Autumn {Str+4} (You found it in the Dungeon)
  1224 | D        | Killed an unseen horror
  1255 | D        | Found Qyfix's General Store.
  1255 | D        | Found Joocw's Jewellery Shop.
  1255 | D        | Found Ymyptan's Armour Boutique.
  1257 | D        | Found Yned's Assorted Antiques.
  1257 | D        | Found Dehelasm's General Store.
  1257 | D        | Found Varocriu's Gadget Shoppe.
  1257 | D        | Found Ucrasi's Assorted Antiques.
  1257 | D        | Found Pumiyqux's Distillery.
  1257 | D        | Found Meoqimif's Armour Shop.
  1257 | D        | Found Kyosoel's Assorted Antiques.
  1263 | D        | Found Kaniwnol's Book Boutique.
  1264 | D        | Found Ybrityot's General Store.
  1264 | D        | Found Qoxe's Book Boutique.
  1265 | D        | Found Qowuotwu's Antique Armour Emporium.
  1278 | D        | Bought the +6 buckler "Hennaxto" {rN+ MR+ Dex+2 Slay+2} for 639 gold pieces
  1290 | D        | Bought an uncursed ring of protection from cold for 325 gold pieces
  1371 | D        | Found Usseu's Assorted Antiques.
  1388 | D        | Noticed a shining eye
  1388 | D        | Noticed a shining eye
  1388 | D        | Noticed a shining eye
  1388 | D        | Noticed a shining eye
  1388 | D        | Noticed a shining eye
  1388 | D        | Noticed a shining eye
  1389 | D        | Noticed a shining eye
  1389 | D        | Noticed a shining eye
  1390 | D        | Killed a shining eye
  1390 | D        | Reached skill level 2 in Shields
  1391 | D        | Killed a shining eye
  1391 | D        | Reached skill level 4 in Shields
  1393 | D        | Reached ****** piety under Dithmenos
  1395 | D        | Killed a shining eye
  1395 | D        | Reached skill level 5 in Shields
  1395 | D        | Paralysed by a floating eye for 4 turns
  1442 | D        | Paralysed by a floating eye for 4 turns
  1449 | D        | Reached XP level 11. HP: 60/60 MP: 23/28
  1488 | D        | Killed a shining eye
  1488 | D        | Reached skill level 6 in Shields
  1525 | D        | Gained mutation: Potions and wands are less effective at restoring your health. [a shining eye]
  1547 | D        | Killed a shining eye
  1547 | D        | Reached skill level 7 in Shields
  1557 | D        | Killed a shining eye
  1570 | D        | Killed a shining eye
  1570 | D        | Reached skill level 8 in Shields
  1573 | D        | Killed a shining eye
  1573 | D        | Reached skill level 9 in Shields
  1574 | D        | Found Varchuda's Antique Armour Shop.
  1574 | D        | Found Qeczeq's General Store.
  1575 | D        | Found Sustragih's Antique Weapon Shoppe.
  1575 | D        | Found Saru's Armour Emporium.
  1643 | D        | Noticed a lindwurm
  1645 | D        | Killed a lindwurm
  1650 | D        | Killed a 12-headed hydra
  1672 | D        | Reached skill level 9 in Fighting
  1672 | D        | Reached skill level 16 in Stealth
  1731 | D        | Reached skill level 13 in Hexes
  1867 | D        | Noticed a deep elf annihilator
  2343 | D        | HP: 12/62 [something (7)]
  2344 | D        | HP: 3/62 [something (9)]
  2348 | D        | Engulfed by a cloud of steam

Vault maps used:
D:        dungeon_sprint_1

Skill      XL: |  1  2  3  4  5  6  7  8  9 10 11 |
---------------+----------------------------------+-----
Fighting       | 1 2 4 5 6 7 8 9 |  9.2
Short Blades   | 2 4 5 7 8 9 |  9.9
Dodging        | 4 5 7 10 11 13 14 | 14.9
Stealth        | 5 7 8 11 12 14 15 16 | 16.2
Spellcasting   | 3 5 6 8 10 11 12 | 12.7
Hexes          | 4 5 7 9 10 11 12 13 | 13.0
Ice Magic      | 1 |  1.8
Conjurations   | 2 4 5 6 |  6.9
Shields        | 5 9 |  9.0

Action                   |  1- 3 |  4- 6 |  7- 9 | 10-12 || total
-------------------------+-------+-------+-------+-------++-------
Melee: Dagger            |    49 |     6 |       |       ||    55
       Short sword       |       |       |    12 |    75 ||    87
Throw: Stone             |       |       |       |     5 ||     5
 Cast: Corona            |     2 |       |       |       ||     2
       Ensorcelled Hiber |     1 |     2 |     5 |    24 ||    32
       Confuse           |       |     1 |       |     5 ||     6
       Dazzling Spray    |       |       |     6 |    13 ||    19
Invok: Shadow Step       |       |       |       |     3 ||     3
  Use: Scroll            |       |       |     1 |     3 ||     4
       Potion            |       |       |       |     4 ||     4
 Stab: Sleeping          |     1 |     3 |     6 |    37 ||    47
       Confused          |       |     1 |       |     1 ||     2
       Invisible         |       |       |     1 |     3 ||     4
Armor: Robe              |     9 |       |     1 |     4 ||    14
Dodge: Dodged            |    36 |     1 |    52 |    50 ||   139
Block: Buckler           |       |       |       |     9 ||     9

Vault maps used:
D:        dungeon_sprint_1

Table legend:
 A = Turns spent in this place as a percentage of turns spent in the entire game.
 B = Non-inter-level travel turns spent in this place as a percentage of non-inter-level travel turns spent in the entire game.
 C = Inter-level travel turns spent in this place as a percentage of turns spent in this place.
 D = Turns resting spent in this place as a percentage of non-inter-level travel turns spent in this place.
 E = Turns spent auto-exploring this place as a percentage of non-inter-level travel turns spent in this place.
 F = Non-inter-level travel turns spent in this place divided by the number of levels of this place that you've seen.
                   A       B       C       D       E      F
               +-------+-------+-------+-------+-------+----------------------
         Total | 100.0 | 100.0 |   0.0 |   2.7 |   0.1 | 1174.0
       Dungeon | 100.0 | 100.0 |   0.0 |   2.7 |   0.1 | 1174.0
               +-------+-------+-------+-------+-------+----------------------

Table legend:
 A = Kills in this place as a percentage of kills in entire the game.
 B = Kills by you in this place as a percentage of kills by you in the entire game.
 C = Kills by friends in this place as a percentage of kills by friends in the entire game.
 D = Other kills in this place as a percentage of other kills in the entire game.
 E = Experience gained in this place as a percentage of experience gained in the entire game.
 F = Experience gained in this place divided by the number of levels of this place that you have seen.
                   A       B       C       D       E      F
               +-------+-------+-------+-------+-------+----------------------
         Total | 100.0 | 100.0 |  -nan | 100.0 | 100.0 | 17028.0
       Dungeon | 100.0 | 100.0 |  -nan | 100.0 | 100.0 | 17028.0
               +-------+-------+-------+-------+-------+----------------------
